cohdb
Replays
Latest Replays
All Replays
Popular Replays
Top Player Replays
Match Explorer
How It Works
Community
CoH3 Stats
Reddit
Sign in to upload your games and track your stats! →
Sign in with Steam
Match 40478292
Unlisted
Match 40478292
Overview
Messages
Build Orders
End
Construct Section Command Post
Selects Canadian Shock Battlegroup
Dingo Light Scout Car
Royal Engineer Section
Vickers Machine Gun Team
Construct Platoon Command Post
Selects Attacking Spirit
Selects Canadian Shock Section
Canadian Shock Section
CMP 15cwt Truck
Canadian Shock Section
Unlock Bishop Self-propelled Artillery
Bishop Self-propelled Artillery
Infantry Training
Selects Smoke Operation
Light Vehicle Training
Selects Burnout
Forward Retreat Point
Bishop Self-propelled Artillery
Burnout
Bishop Self-propelled Artillery
Burnout
6-pounder Anti-tank Gun Team
Burnout
Selects Pyrotechnics
Smoke Operation
Burnout
蒼星石
Enterprise
VRRRR
CitizenKane
Juniorko
Valdai
皮皮
Sailor
0
0
Comments
sign in to comment!
No comments posted yet!